 Dungeon Crawl Stone Soup version 0.30-a0-802-gb92711bcdf (webtiles) character file.

Game seed: 7903351992325120101

49 cheesebisquit the Grave Robber (level 3, 0/26 HPs)
             Began as a Ghoul Necromancer on Feb 24, 2023.
             Killed from afar by Natasha (5 damage)
             ... with a magic dart
             ... on level 2 of the Dungeon.
             The game lasted 00:08:27 (1742 turns).

cheesebisquit the Grave Robber (Ghoul Necromancer)  Turns: 1742, Time: 00:08:27

Health: 0/26       AC:  3    Str: 11    XL:     3   Next: 77%
Magic:  0/6        EV: 12    Int: 12    God:
Gold:   84         SH:  0    Dex:  9    Spells: 5/7 levels left

rFire   . . .      SeeInvis .    b - +0 sling
rCold   + . .      Faith    .    (no shield)
rNeg    + + +      Spirit   .    c - +0 robe
rPois   ∞          Reflect  .    (no helmet)
rElec   .          Harm     .    j - +0 cloak
rCorr   .          Rampage  .    (no gloves)
Will    .....                    (no boots)
Stlth   ++                       (no amulet)
HPRegen 0.00/turn                (no ring)
MPRegen 0.10/turn                (no ring)

@: inhibited regen
A: claws 1, cold resistance 1, negative energy resistance 3, inhibited
regeneration, torment resistance 2, devour on kill
a: no special abilities


You were on level 2 of the Dungeon.
You visited 1 branch of the dungeon, and saw 2 of its levels.

You collected 84 gold pieces.

Inventory:

Hand Weapons
 a - a +0 hand axe
 b - a +0 sling (weapon)
 e - a +0 spear
Armour
 c - a +0 robe (worn)
 j - a +0 cloak (worn)
Scrolls
 g - 4 scrolls of identify {unknown}
 k - a scroll of teleportation {unknown}
 n - a scroll of magic mapping {unknown}
 o - 2 scrolls of blinking {unknown}
Potions
 d - a potion of invisibility {unknown}
 f - 3 potions of might {unknown}
 h - 2 potions of magic
 i - a potion of degeneration {unknown}
 l - a potion of attraction {unknown}
 m - a potion of curing {unknown}
 p - a potion of haste {unknown}


   Skills:
 - Level 1.7 Dodging
 - Level 2.1 Stealth
 + Level 2.6 Spellcasting
 + Level 4.7 Necromancy


You had 5 spell levels left.
You knew the following spells:

 Your Spells              Type           Power      Damage    Failure   Level
a - Necrotise             Necr           48%        1d6       3%          1
b - Kiss of Death         Conj/Necr      28%        2d7       10%         1

Your spell library contained the following spells:

 Spells                   Type           Power      Damage    Failure   Level
 Vampiric Draining        Necr           12%        2d6       11%         3
 Animate Dead             Necr           12%        N/A       36%         4
 Dispel Undead            Necr           12%        3d9       36%         4
 Confusing Touch          Hex            1%         N/A       58%         3
 Agony                    Necr           12%        N/A       71%         5


Dungeon Overview and Level Annotations

Branches:
Dungeon (2/15)

Altars:

Annotations:
D:2 Natasha


Innate Abilities, Weirdness & Mutations

You are immune to poison.
You have sharp fingernails.
Your flesh is cold resistant. (rC+)
You are immune to negative energy. (rN+++)
You do not regenerate when monsters are visible.
You are immune to unholy pain and torment.
You thrive by killing the living.


Message History

You shoot a sling bullet. The sling bullet hits the worm.
The worm is moderately wounded.
The worm misses you.
You shoot a sling bullet.
The sling bullet hits the worm but does no damage.
The worm is moderately wounded.
The worm barely misses you.
You shoot a sling bullet. The sling bullet hits the worm.
The worm is moderately wounded.
The worm bites you but does no damage.
You shoot a sling bullet.
The sling bullet barely misses the worm.
The worm bites you!
The worm struggles to resist.
The worm struggles to resist.
The worm bites you!
* * * LOW HITPOINT WARNING * * *
You are too injured to fight recklessly!
Aiming: Necrotise (safe; 3% risk of failure)
Press: ? - help, Q - select action, (/) - cycle Shift-Dir - straight line, f/p - worm
Aim: a worm (moderately wounded, chance to affect: 75%)
The worm writhes in agony.
Aiming: Necrotise (safe; 3% risk of failure)
Press: ? - help, Q - select action, (/) - cycle Shift-Dir - straight line, f/p - worm
Aim: a worm (heavily wounded, chance to affect: 75%)
The worm writhes in agony.
The worm closely misses you.
Aiming: Necrotise (safe; 3% risk of failure)
Press: ? - help, Q - select action, (/) - cycle Shift-Dir - straight line, f/p - worm
Aim: a worm (severely wounded, chance to affect: 75%)
The worm writhes in agony.
The worm bites you.
* * * LOW HITPOINT WARNING * * *
Aiming: Necrotise (safe; 3% risk of failure)
Press: ? - help, Q - select action, (/) - cycle Shift-Dir - straight line, f/p - worm
Aim: a worm (severely wounded, chance to affect: 75%)
The worm writhes in agony.
Natasha hisses angrily.
Natasha stares at you and mumbles some strange words.
The magic dart hits you.
You die...

###.#.# #.....# #.#.###
#.#... ####.####### #
#.......#.. .#
######.##.##.#.# ..
#......##.##.#.###.#.#
..####.##......w@....#
..####.#####.#.##.......
# ..##.....###.#.#
....... #
..#####).....#.. .......
#
##'...##.#####.#........
##
##..♣.<#.#####.##.....##
####. .##...##.#...#..
....## #....
)#######.#...### #.h.#
#<... .##.####.......#
#...# #...#


You could see a worm and Natasha.

Vanquished Creatures
  A worm (D:2)
  A dart slug (D:2)
  3 ball pythons
  5 bats
  An endoplasm (D:2)
  2 giant cockroaches
  2 goblins (D:2)
  6 jackals
  A quokka (D:2)
  2 frilled lizards (D:2)
  4 kobolds (D:2)
  2 rats
30 creatures vanquished.

Vanquished Creatures (collateral kills)
  An adder (D:2)
  A giant cockroach (D:1)
  A goblin (D:2)
3 creatures vanquished.

Grand Total: 33 creatures vanquished

Notes
Turn   | Place    | Note
-------+----------+-------------------------------------------
     0 | D:1      | cheesebisquit the Ghoul Necromancer began the quest for the
                  | Orb.
     0 | D:1      | Reached XP level 1. HP: 14/14 MP: 2/2
   353 | D:1      | Reached XP level 2. HP: 20/20 MP: 2/4
   640 | D:1      | Learned a level 1 spell: Kiss of Death
   771 | D:1      | Found a faded altar of an unknown god.
   912 | D:2      | Reached XP level 3. HP: 6/26 MP: 0/5
  1238 | D:2      | Noticed Natasha
  1742 | D:2      | Killed from afar by Natasha

Illustrated notes

Levels and vault maps discovered:
D:1:      lightli_arrival_windingriver, layout_loops_ring,
          shapermc_ecumenical_altar_hornbeckon, minmay_crystal_room
D:2:      layout_loops_cross, grunt_ministairs_4, uniq_natasha

Skill      XL: |  1 |
---------------+----+-----
Spellcasting   | 2 |  2.6
Dodging        | |  1.7
Stealth        | |  2.1
Necromancy     | |  4.7

Action                     || total
---------------------------++-------
  Melee: Hand axe          ||    36
         Unarmed           ||     7
   Fire: Sling             ||    23
   Cast: Necrotise         ||    47
 Armour: Robe              ||    17
  Dodge: Dodged            ||    48

Table legend: (Time is in decaauts)
 A = Elapsed time spent in this place.
 B = Non-inter-level travel time spent in this place.
 C = Inter-level travel time spent in this place.
 D = Time resting spent in this place.
 E = Time spent auto-exploring this place.
 F = Levels seen in this place.
 G = Mean time per level.
                   A        B        C        D        E       F      G
               +--------+--------+--------+--------+--------+-----+--------+
         Total |   1768 |   1662 |    106 |     10 |   1262 |   2 |  884.0 |
       Dungeon |   1768 |   1662 |    106 |     10 |   1262 |   2 |  884.0 |
               +--------+--------+--------+--------+--------+-----+--------+

Top non-repeatable levels by time:
     D:1: 893 daAuts
     D:2: 875 daAuts
